rincewind, neutral male human Wizard ----- ------------ |...| |..........| |...| |...<......| -------------- ....| #%..........| |............| |....#####|........*.+ |............| -+-.- |..........| |.............##################a#------------ |........>...| ### @ |............+ # -------------- ### # # -+-.- +....###### |...| |...| ----- rincewind the Conjurer Experience level: 5 Strength: 12 Dexterity: 15 Constitution: 14 Intelligence: 18 Wisdom: 8 Charisma: 10 Health: 0(31) Energy: 47(47) Def: 1 Gold: 720 Moves: 3074 Dungeon seed: hKL3-N6YUp6DQPYu Game ID: rincewind_1464268291 Your Inventory: Coins $ - 720 gold pieces Amulets p - an uncursed amulet of life saving Weapons a - a blessed +1 quarterstaff (weapon in hands) u - a cursed +0 crossbow Armor e - an uncursed +0 cloak of magic resistance (being worn) Scrolls h - an uncursed scroll of identify i - an uncursed scroll of punishment j - an uncursed scroll of enchant weapon s - an uncursed scroll of teleportation v - a cursed scroll of enchant armor Spellbooks k - a blessed spellbook of force bolt l - an uncursed spellbook of charm monster Potions f - an uncursed potion of speed g - 2 uncursed potions of invisibility t - an uncursed potion of healing w - an uncursed potion of sickness Rings c - an uncursed ring of protection from shape changers (on left hand) d - an uncursed ring of free action m - an uncursed +1 ring of adornment Wands b - an uncursed wand of sleep (0:7) q - an uncursed wand of cold (0:5) Gems n - 2 uncursed worthless pieces of red glass Spells and supernatural/magical abilities: Name Level Category Fail Memory a - force bolt 1 attack 0% 85% e - charm monster 3 enchantment 0% 85% W - pray for help -- divine ? -- Your skills at the end: Fighting Skills Weapon Skills quarterstaff [Skilled] Spellcasting Skills attack spells [Basic] enchantment spells [Basic] Final Attributes: You were piously aligned. You were magic-protected. You were protected from shape changers. You are dead. Vanquished creatures: a fog cloud a kitten a homunculus 2 hill orcs a rothe an orc zombie 3 dwarf zombies a wererat a werejackal a large kobold 2 hobgoblins a cave spider a red mold 2 gnomes 2 geckos 3 jackals 2 foxes a kobold 2 goblins 10 grid bugs 4 bats 5 lichens 3 kobold zombies 6 newts 57 creatures vanquished. Voluntary challenges: You had been an atheist until turn 2429. You used a wielded weapon 63 times, starting on turn 14. You read items or engraved 1 time, starting on turn 3074. You never genocided any monsters. You never polymorphed an object. You never changed form. You used no wishes. You never split a pudding. You never wrote Elbereth's name. You violated your moral code, losing 20 points of alignment, starting on turn 2007. Dungeon overview: The Dungeons of Doom: levels 1 to 6 Level 1 a long staircase Level 2 a fountain stairs to The Gnomish Mines Level 3 Level 4 a fountain Level 5 <- You were here Level 6 a fountain The Gnomish Mines: Level 3 stairs to The Dungeons of Doom History has recorded: On T:1 you entered the Dungeons of Doom to retrieve the Amulet of Yendor! On T:415 you advanced to experience level 2. On T:907 you reached level 2 of The Dungeons of Doom. On T:960 you advanced to experience level 3. On T:1019 you reached level 1 of The Gnomish Mines. On T:1396 you reached level 3 of The Dungeons of Doom. On T:1688 you reached level 4 of The Dungeons of Doom. On T:2007 you advanced to experience level 4. On T:2355 you advanced to experience level 5. On T:2501 you reached level 5 of The Dungeons of Doom. On T:2967 you reached level 6 of The Dungeons of Doom. Score breakdown: Gold: 720 ( 9721 points) Experience: 5 levels (11141 points) Exploration: 6 levels ( 12.24%) ( 9682 points) Discoveries: 1 item ( 0.35%) ( 1767 points) Valuables value: (no points given unless you survive) Artifact value: 0 ( 0 points) Variety of kills: 24 monsters ( 6.30%) ( 7529 points) Turncount: 3074 turns ( -635 points) Survival: died (score multiplied by 80%) Total score: 31364 Latest messages: The killer bee stings! You die... Final status: Goodbye rincewind the Wizard, killed by a killer bee... You died in The Dungeons of Doom on dungeon level 5 with 31364 points, and 720 pieces of gold, after 3074 moves. You were level 5 with a maximum of 31 hit points when you died.